 Dungeon Crawl Stone Soup version 0.29-a0-872-g797fff5ad1 (webtiles) character file.

Game seed: 4873855847139296732

18529 jimonade the Unseen (level 12, -20/71 HPs)
             Began as a Kobold Brigand on July 18, 2022.
             Was the Champion of Okawaru.
             Demolished by a balrug
             ... wielding a +0 demon whip
              (22 damage)
             ... in a Gauntlet.
             The game lasted 00:52:27 (12999 turns).

jimonade the Unseen (Kobold Brigand)               Turns: 12999, Time: 00:52:28

Health: -20/71     AC: 10    Str:  8    XL:     12   Next: 96%
Magic:  0/17       EV: 30    Int: 13    God:    Okawaru [******]
Gold:   634        SH:  0    Dex: 33    Spells: 16/16 levels left

rFire   . . .      SeeInvis .   a - +4 dagger (drain)
rCold   . . .      Faith    .   c - orb {*Rage}
rNeg    . . .      Spirit   +   P - +1 troll leather armour
rPois   .          Reflect  .   G - +0 helmet
rElec   .          Harm     .   A - +0 cloak
rCorr   .          Rampage  .   V - +0 pair of gloves
Will    .....      Rage     20% (no boots) Stlth *+++++++++ NoTele +
                                X - amulet of guardian spirit
HPRegen 1.01/turn               y - +6 ring of dexterity
MPRegen 0.15/turn               u - +6 ring of dexterity

@: heroic, on berserk cooldown, slowed, very slow
A: small, no large weapons, nightstalker 3
a: Renounce Religion, Heroism, Finesse, Duel


You were in a Gauntlet.
You worshipped Okawaru.
Okawaru was exalted by your worship.
You visited 2 branches of the dungeon, and saw 13 of its levels.
You also visited: Bailey and Gauntlet.

You collected 834 gold pieces.
You spent 200 gold pieces at shops.

Inventory:

Hand Weapons
 a - a +4 dagger of draining (weapon)
 b - the +9 shortbow of Gloom {flame, +Blink Str+7 Int-4}
   (You bought it in a shop on level 5 of the Dungeon)

   Any ammunition fired from it burns those it strikes, dealing additional fire
   damage.
   Str:       It affects your strength (+7).
   Int:       It affects your intelligence (-4).
   +Blink:    It lets you blink.
 F - the +4 rapier of Destiny {pain, rN+ Str+2 Stlth+}
   (You found it on level 9 of the Dungeon)

   In the hands of one skilled in necromantic magic, it inflicts extra damage on
   living creatures.
   Str:       It affects your strength (+2).
   rN:        It protects you from negative energy.
   Stlth:     It makes you more stealthy.
 W - a +3 quick blade
Missiles
 e - 3 curare-tipped darts
 r - a throwing net
 N - 8 atropa-tipped darts
 Z - 41 poisoned darts (quivered)
Armour
 c - an orb of wrath (worn)
 d - a +2 buckler of fire resistance
 m - a scarf of harm
 A - a +0 cloak (worn)
 G - a +0 helmet (worn)
 P - a +1 troll leather armour (worn)
 T - the +1 robe "Gokizxor" {-Tele rPois Regen+ SInv}
   (You found it on level 5 of the Dungeon)

   rPois:     It protects you from poison.
   SInv:      It lets you see invisible.
   -Tele:     It prevents most forms of teleportation.
   Regen:     It increases your rate of health regeneration.
 V - a +0 pair of gloves (worn)
Jewellery
 l - a ring of willpower
 n - a ring of see invisible
 p - an amulet of reflection
 u - a +6 ring of dexterity (right hand)
 y - a +6 ring of dexterity (left hand)
 D - an amulet of faith
 I - a ring of willpower
 X - an amulet of guardian spirit (around neck)
Wands
 f - a wand of polymorph (10)
 H - a wand of flame (31)
 J - a wand of acid (27)
 Q - a wand of digging (4)
 Y - a wand of iceblast (19)
Scrolls
 j - 3 scrolls of amnesia
 x - 6 scrolls of teleportation
 C - a scroll of magic mapping
 E - a scroll of blinking
 K - a scroll of fog
 M - 8 scrolls of poison
 O - a scroll of identify
 R - 2 scrolls of fear
 S - a scroll of silence
Potions
 g - 8 potions of curing
 k - a potion of magic {unknown}
 o - a potion of degeneration {unknown}
 q - 2 potions of resistance
 s - 5 potions of haste
 t - 3 potions of flight
 v - 5 potions of mutation
 w - 2 potions of might {unknown}
 z - 4 potions of brilliance
 B - 4 potions of lignification
 L - 3 potions of cancellation
 U - a potion of ambrosia {unknown}


   Skills:
 + Level 6.6(11.6) Fighting
 + Level 11.1(16.1) Short Blades
 - Level 7.7(12.7) Ranged Weapons
 - Level 2.1(7.1) Throwing
 + Level 2.1(7.1) Armour
 + Level 7.8(12.8) Dodging
 * Level 19.1(24.1) Stealth
 + Level 0.3(5.3) Shields
 * Level 2.9 Spellcasting
 * Level 7.0 Invocations


You had 16 spell levels left.
You didn't know any spells.
Your spell library contained the following spells:

 Spells                   Type           Power      Damage    Failure   Level
 Apportation              Tloc           2%         N/A       32%         1
 Magic Dart               Conj           4%         1d3       32%         1
 Poisonous Vapours        Pois/Air       2%         N/A       43%         2
 Conjure Flame            Conj/Fire      1%         6-21      67%         3
 Gell's Gravitas          Tloc           1%         N/A       67%         3
 Ignite Poison            Fire/Tmut/Pois 1%         N/A       67%         3
 Lesser Beckoning         Tloc           1%         N/A       67%         3
 Mephitic Cloud           Conj/Pois/Air  1%         N/A       67%         3
 Teleport Other           Tloc           1%         N/A       67%         3
 Corpse Rot               Necr/Pois/Air  1%         N/A       97%         4
 Sticky Flame             Conj/Fire      1%         2d3       97%         4
 Alistair's Intoxication  Tmut/Pois      0%         N/A       100%        5
 Borgnjor's Vile Clutch   Necr/Erth      0%         N/A       100%        5
 Eringya's Noxious Bog    Tmut/Pois      0%         N/A       100%        6
 Call Imp                 Summ           Unusable   N/A       N/A         2

Dungeon Overview and Level Annotations

Branches:
Dungeon (11/15)            Temple (0/1) D:5            Lair (2/5) D:10
 Shoals (0/4) Lair:2          Orc (0/2) D:10         Bailey (visited)
Gauntlet (1/1)
  Snake: Lair:2-3    Spider: Lair:2-3

Altars:
Dithmenos
Fedhas
Makhleb
Nemelex Xobeh
Okawaru
Ru
Uskayaw
Wu Jian
The Shining One

Shops:
D:1 :   D:5 *   D:9 (

Annotations:
Gauntlet 2 transporters


Innate Abilities, Weirdness & Mutations

You are small and have problems with some larger weapons.
You are completely attuned to the shadows.


Message History

The balrug barely misses you.
You hit the balrug.
The balrug is lightly wounded.
The balrug gestures at you.
The fireball explodes!
The fireball engulfs you!
The fireball engulfs the balrug.
The balrug completely resists.
You hit the balrug.
The balrug is lightly wounded.
The balrug barely misses you.
You hit the balrug.
The balrug is moderately wounded.
The balrug gestures at you. The bolt of fire misses you.
You hit the balrug.
The balrug is moderately wounded.
The balrug hits you with a +0 demon whip!
You are engulfed in flames!!
* * * LOW HITPOINT WARNING * * *
You puncture the balrug!
The balrug is moderately wounded.
The balrug barely misses you.
You miss the balrug.
The balrug is moderately wounded.
The balrug gestures at you. The bolt of fire misses you.
You feel much better. The balrug gestures at you. Something smites you!
You hit the balrug but do no damage.
The balrug is moderately wounded.
The balrug hits you with a +0 demon whip!
* * * LOW HITPOINT WARNING * * *
You are engulfed in flames!!
* * * LOW HITPOINT WARNING * * *
You hit the balrug but do no damage.
The balrug is moderately wounded.
The balrug hits you with a +0 demon whip.
* * * LOW HITPOINT WARNING * * *
You are engulfed in flames!!
You die...

#########.#
#..#©#?.#.#.
#..#.#=?#.#z
#..2''###.#z
#..#@...#.#z z
#..#.##.#.#z#z#
#..#.##.#.#z#.#
#..#©...#.#z.#.
###############
...#©....©....©#
P..#############.
.P...#..(©##.#...
≈#P..#.}.##..#.♣.


You could see a balrug.

Vanquished Creatures
  2 hydras (Lair:1)
  A centaur warrior (D:9)
  A manticore (D:11)
  2 cyclopes (D:9)
  Joseph (D:7)
  An ice statue (Gauntlet)
  2 black mambas (Lair:1)
  A gargoyle (Bailey)
  2 cane toads (Lair:1)
  A kobold demonologist (D:11)
  3 unseen horrors
  A tengu conjurer (D:9)
  A komodo dragon (Lair:1)
  2 rime drakes (Gauntlet)
  2 polar bears (Lair:1)
  2 trolls (D:10)
  A hornet (D:9)
  Sigmund (D:4)
  5 flying skulls (Gauntlet)
  A vampire (Bailey)
  2 wraiths
  4 wyverns (D:9)
  10 yaks
  Eustachio (D:4)
  3 steam dragons (D:9)
  Menkaure (D:7)
  4 acid dragons
  A hell hound (Gauntlet)
  4 water moccasins
  4 orc warriors
  3 black bears
  An ice beast (D:7)
  A sky beast (D:8)
  3 wolves (Lair:1)
  2 ogres
  4 centaurs (D:9)
  A phantom (D:6)
  5 kobold brigands
  11 bullfrogs
  2 gnoll sergeants
  6 scorpions
  3 necrophages
  5 wights (D:9)
  6 killer bees
  7 vampire bats (Bailey)
  4 howler monkeys
  4 wolf zombies (Bailey)
  4 hounds
  6 orc priests
  A jelly (D:6)
  3 gnoll boudas
  2 iguanas
  Ijyb (D:4)
  11 orc wizards
  23 gnolls
  8 adders
  A shadow imp (D:6)
  3 white imps
  2 worms
  2 dart slugs
  31 orcs
  11 bats
  6 endoplasms
  2 giant cockroaches
  6 goblins
  8 hobgoblins
  9 jackals
  3 quokkas
  3 training dummies (D:9)
  6 ball pythons
  3 frilled lizards
  16 kobolds
  18 orc zombies (Bailey)
  5 rats
  A butterfly (Lair:1)
330 creatures vanquished.

Vanquished Creatures (others)
  A demonic plant (Gauntlet)
  67 fungi
  54 plants
122 creatures vanquished.

Grand Total: 452 creatures vanquished

Notes
Turn   | Place    | Note
-------+----------+-------------------------------------------
     0 | D:1      | jimonade the Kobold Brigand began the quest for the Orb.
     0 | D:1      | Reached XP level 1. HP: 12/12 MP: 1/1
   134 | D:1      | Reached XP level 2. HP: 17/17 MP: 2/2
   157 | D:1      | Found a faded altar of an unknown god.
   247 | D:1      | Reached skill level 6 in Stealth
   297 | D:1      | Found Fiduq's Book Boutique.
   695 | D:1      | Reached XP level 3. HP: 20/21 MP: 3/3
  1478 | D:2      | Reached XP level 4. HP: 26/26 MP: 4/4
  1531 | D:2      | Reached skill level 7 in Stealth
  2065 | D:3      | Found a glowing golden altar of the Shining One.
  2321 | D:3      | Found an iron altar of Okawaru.
  2634 | D:3      | Became a worshipper of Warmaster Okawaru
  2678 | D:4      | Noticed Ijyb
  2683 | D:4      | Killed Ijyb
  2684 | D:4      | Reached XP level 5. HP: 31/31 MP: 5/5
  2754 | D:4      | Reached skill level 8 in Stealth
  2932 | D:4      | Noticed Sigmund
  2943 | D:4      | Killed Sigmund
  2943 | D:4      | Reached * piety under Okawaru
  2944 | D:4      | Reached skill level 9 in Stealth
  2944 | D:4      | Reached XP level 6. HP: 36/36 MP: 6/6
  3082 | D:4      | Reached XP level 7. HP: 40/40 MP: 7/7
  3138 | D:4      | Reached skill level 10 in Stealth
  3549 | D:4      | Noticed Eustachio
  3553 | D:4      | Killed Eustachio
  3553 | D:4      | Reached ** piety under Okawaru
  3554 | D:4      | Reached skill level 5 in Short Blades
  3554 | D:4      | Reached skill level 11 in Stealth
  3554 | D:4      | Reached XP level 8. HP: 45/45 MP: 8/8
  3792 | D:5      | Entered Level 5 of the Dungeon
  3792 | D:5      | Found a burning altar of Makhleb.
  4102 | D:5      | Reached skill level 12 in Stealth
  4176 | D:5      | Identified the +1 robe "Gokizxor" {-Tele rPois Regen+ SInv}
  4224 | D:5      | Found a staircase to the Ecumenical Temple.
  4319 | D:5      | Found Yptisei's Assorted Antiques.
  4338 | D:5      | Bought a twisted shortbow for 200 gold pieces
  4338 | D:5      | Identified the +9 shortbow of Gloom {flame, +Blink Str+7
                  | Int-4} (You bought it in a shop on level 5 of the Dungeon)
  5106 | D:6      | Reached *** piety under Okawaru
  5107 | D:6      | Reached skill level 1 in Ranged Weapons
  5112 | D:6      | Reached skill level 13 in Stealth
  5114 | D:6      | Reached XP level 9. HP: 51/51 MP: 9/9
  5216 | D:6      | Reached skill level 1 in Invocations
  5430 | D:6      | Found a shadowy altar of Dithmenos.
  5550 | D:6      | Found a sacrificial altar of Ru.
  5855 | D:6      | Found an ornate altar of the Wu Jian Council.
  6202 | D:7      | Noticed Menkaure
  6214 | D:7      | Noticed Joseph
  6243 | D:7      | Killed Joseph
  6243 | D:7      | Reached **** piety under Okawaru
  6245 | D:7      | Killed Menkaure
  6246 | D:7      | Reached skill level 14 in Stealth
  6268 | D:7      | Noticed an unseen horror
  6374 | D:7      | Received a gift from Okawaru
  6546 | D:7      | Killed an unseen horror
  6547 | D:7      | Reached XP level 10. HP: 58/58 MP: 12/12
  6607 | D:7      | Reached skill level 5 in Dodging
  6623 | D:7      | Found a sparkling altar of Nemelex Xobeh.
  7009 | D:8      | Received a gift from Okawaru
  7031 | D:8      | You fall into a shaft and drop 3 floors!
  7050 | D:11     | Noticed a green ugly thing
  7098 | D:11     | Noticed a manticore
  7120 | D:11     | Killed a manticore
  7121 | D:11     | Reached skill level 15 in Stealth
  7199 | D:11     | Noticed a kobold demonologist
  7204 | D:11     | Killed a kobold demonologist
  7255 | D:10     | Entered Level 10 of the Dungeon
  7282 | D:10     | Reached ***** piety under Okawaru
  7293 | D:10     | Reached skill level 5 in Ranged Weapons
  7385 | D:10     | Noticed an unseen horror
  7398 | D:10     | Killed an unseen horror
  7408 | D:10     | Found a flagged portal.
  7414 | Bailey   | Entered a bailey
  7675 | Bailey   | Reached skill level 5 in Fighting
  7699 | Bailey   | Reached skill level 16 in Stealth
  7813 | Bailey   | Identified the +2 scale mail of Gravity {rF+ Int+5}
                  | (Okawaru gifted it to you in a bailey)
  7813 | Bailey   | Received a gift from Okawaru
  7829 | Bailey   | Reached XP level 11. HP: 63/63 MP: 14/14
  7876 | Bailey   | Identified the +1 plate armour "Peiderch" {rElec rN+ Int+6
                  | Dex-5}
  8288 | D:10     | Found a staircase to the Orcish Mines.
  8604 | D:10     | Reached skill level 5 in Invocations
  9073 | D:10     | Reached skill level 17 in Stealth
  9119 | D:10     | Found a staircase to the Lair.
  9373 | D:9      | Found a blossoming altar of Fedhas.
  9485 | D:9      | Noticed a cyclops
  9494 | D:9      | Killed a cyclops
  9500 | D:9      | Noticed a cyclops
  9730 | D:9      | Killed a cyclops
  9794 | D:9      | Identified the +1 plate armour of the Pleiades {Regen+
                  | rCorr Str+4 Stlth+}
  9795 | D:9      | Noticed a centaur warrior
  9806 | D:9      | Killed a centaur warrior
  9842 | D:9      | Reached skill level 10 in Short Blades
  9858 | D:9      | Reached XP level 12. HP: 56/69 MP: 16/16
  9970 | D:9      | Found a hide-covered altar of Uskayaw.
  9973 | D:9      | Identified the +4 rapier of Destiny {pain, rN+ Str+2
                  | Stlth+}
 10274 | D:9      | Reached skill level 18 in Stealth
 10367 | D:9      | Found Xofecw's Firing Range.
 11379 | Lair:1   | Entered Level 1 of the Lair of Beasts
 11399 | Lair:1   | Reached skill level 1 in Armour
 11403 | Lair:1   | Reached skill level 1 in Spellcasting
 11755 | Lair:1   | Reached ****** piety under Okawaru
 12367 | Lair:1   | Noticed a six-headed hydra
 12370 | Lair:1   | Killed a six-headed hydra
 12373 | Lair:1   | Received a gift from Okawaru
 12392 | Lair:1   | Noticed a five-headed hydra
 12417 | Lair:1   | Killed a five-headed hydra
 12556 | Lair:1   | Identified a scroll of acquirement
 12556 | Lair:1   | Acquired a +3 quick blade
 12649 | Lair:2   | Found a gate leading to a gauntlet.
 12655 | Gauntlet | Entered a Gauntlet
 12655 | Gauntlet | Found a transporter.
 12660 | Gauntlet | Found a transporter.
 12677 | Gauntlet | Reached skill level 19 in Stealth
 12690 | Gauntlet | Received a gift from Okawaru
 12726 | Gauntlet | Found a transporter.
 12740 | Gauntlet | Found a transporter.
 12940 | Gauntlet | Found a transporter.
 12942 | Gauntlet | Found a transporter.
 12959 | Gauntlet | Noticed a balrug
 12959 | Gauntlet | Found a runed translucent gate.
 12959 | Gauntlet | Found a runed translucent gate.
 12959 | Gauntlet | Found a runed translucent gate.
 12981 | Gauntlet | Found a transporter.
 12999 | Gauntlet | HP: 2/71 [balrug/+0 demon whip (3)]
 12999 | Gauntlet | Demolished by a balrug

Illustrated notes

Levels and vault maps discovered:
D:1:      dpeg_arrival_subterranean_lakeside_camping, layout_loops_ring,
          chequers_ecumenical_altar_simple, serial_shops, shop_fountains,
          minivault_4, fountainhead
D:2:      layout_basic, minmay_small_reverse_x
D:3:      layout_loops_ring, tso_metal_star, mainiacjoe_overflow_tiny_flanked
D:4:      minmay_bubble_buster, layout_basic, uniq_ijyb, uniq_eustachio,
          uniq_sigmund
D:5:      layout_rooms, bloody_makhleb, minmay_temple_entry_proselytizer,
          serial_shops, nicolae_shop_competitors_out_of_business
D:6:      layout_cave_pools, general_overflow_altar, grunt_dithmenos_shadows,
          nicolae_ru_great_annihilating_truth
D:7:      layout_basic, nemelex_dance_club_becter, uniq_menkaure, uniq_joseph
D:8:      layout_cave_pools
D:9:      minmay_the_grid_four_pointed_star_mashed
          [minmay_the_grid_triangle_9x9_windchime,
          minmay_the_grid_triangle_9x9_skeleton,
          minmay_the_grid_triangle_9x9_cache,
          minmay_the_grid_triangle_9x9_alien,
          minmay_the_grid_prize_four_corners_diamond_a], layout_loops_ring,
          fedhas_altar_3, eat_drink_and_be_merry_uskayaw,
          nicolae_shop_firing_range
D:10:     layout_basic, due_lair_maze_entry_diamond, david_orc_2,
          enter_bailey_8, serial_glass, glass_columns_b, glass_columns_a,
          minivault_10
D:11:     layout_layer_cave, nicolae_concentric_dashed_squares_wild,
          hangedman_decor_peaks_small, uniq_gastronok
Lair:1:   layout_cave_pods, lemuel_fruit_fields, grunt_megastairs_3
Lair:2:   layout_gridlike, minmay_shoals_entry_lonely_mermaid,
          gauntlet_entry_generic, uniq_erica
Gauntlet: minmay_gauntlet_77_tree [minmay_gauntlet_arena_77_block_sizes,
          minmay_gauntlet_arena_77_two_lines, minmay_gauntlet_arena_77_path,
          minmay_gauntlet_arena_77_braids, minmay_gauntlet_arena_77_run_for_it,
          minmay_gauntlet_arena_77_hold_the_fort,
          minmay_gauntlet_arena_77_two_paths, gauntlet_exit_hidden_loot]

Skill      XL: |  1  2  3  4  5  6  7  8  9 10 11 12 |
---------------+-------------------------------------+-----
Stealth        | 6 7 9 11 13 14 16 17 19 | 19.1
Short Blades   | 3 4 5 6 7 9 10 11 | 11.1
Dodging        | 2 3 4 5 7 |  7.8
Fighting       | 3 4 5 6 |  6.6
Ranged Weapons | 1 3 5 7 |  7.7
Invocations    | 3 4 5 7 |  7.0
Armour         | 2 |  2.1
Spellcasting   | 2 |  2.9
Throwing       | |  2.1
Shields        | |  0.3

Action                   |  1- 3 |  4- 6 |  7- 9 | 10-12 || total
-------------------------+-------+-------+-------+-------++-------
Melee: Dagger            |    61 |    97 |   266 |   511 ||   935
       Punch             |       |     1 |       |       ||     1
       Rapier            |       |       |       |   269 ||   269
Invok: Heroism           |       |       |       |     4 ||     4
  Use: Scroll            |       |     7 |     9 |    10 ||    26
       Potion            |       |       |     2 |     3 ||     5
 Stab: Sleeping          |    18 |    16 |    23 |    51 ||   108
       Distracted        |       |       |     2 |     4 ||     6
       Paralysed         |       |       |     1 |       ||     1
Armor: Robe              |    19 |     6 |    20 |    53 ||    98
       Troll leather arm |       |       |       |    34 ||    34
Dodge: Dodged            |    42 |    66 |   145 |   469 ||   722
Block: Orb               |       |       |    23 |    93 ||   116
       Reflection        |       |       |     1 |       ||     1
       Buckler           |       |       |       |    17 ||    17

Table legend: (Time is in decaauts)
 A = Elapsed time spent in this place.
 B = Non-inter-level travel time spent in this place.
 C = Inter-level travel time spent in this place.
 D = Time resting spent in this place.
 E = Time spent auto-exploring this place.
 F = Levels seen in this place.
 G = Mean time per level.
                   A        B        C        D        E       F      G
               +--------+--------+--------+--------+--------+-----+--------+
         Total |  13332 |  12637 |    695 |   1230 |   7459 |  15 |  888.8 |
       Dungeon |  11039 |  10353 |    686 |    806 |   6559 |  11 | 1003.5 |
          Lair |   1283 |   1274 |      9 |    182 |    807 |   2 |  641.5 |
        Bailey |    666 |    666 |      0 |     87 |     85 |   1 |  666.0 |
      Gauntlet |    343 |    343 |      0 |    154 |      7 |   1 |  343.0 |
               +--------+--------+--------+--------+--------+-----+--------+

Top non-repeatable levels by time:
    D:10: 1696 daAuts
     D:4: 1368 daAuts
     D:5: 1354 daAuts
  Lair:1: 1272 daAuts
     D:9: 1225 daAuts
     D:1: 1121 daAuts
     D:6: 944 daAuts
     D:7: 932 daAuts
     D:3: 865 daAuts
     D:2: 685 daAuts
  Bailey: 666 daAuts
     D:8: 605 daAuts
Gauntlet: 343 daAuts
    D:11: 239 daAuts
  Lair:2: 11 daAuts
